 Dungeon Crawl Stone Soup version 0.14.0-20-g75a2fc2 (webtiles) character file.

64244 Dirian the Bludgeoner (level 15, -12/90 HPs)
             Began as a Gargoyle Berserker on Apr 21, 2014.
             Was a High Priest of Trog.
             Killed from afar by a blizzard demon (33 damage)
             ... with a bolt of cold
             ... summoned by a lich
             ... on Level 1 of the Abyss.
             The game lasted 02:07:17 (17685 turns).

Dirian the Bludgeoner (Gargoyle Berserker)         Turns: 17685, Time: 02:07:17

HP -12/90        AC 32     Str 23      XL: 15   Next:  8%
MP  20/20        EV 12     Int  9      God: Trog [*****.]
Gold 1100        SH  0     Dex 12      Spells:  0 memorised, 14 levels left

rFire  . . .     SeeInvis +     d - +5,+6 morningstar (freeze)
rCold  . . .     Clarity  .     E - +0 plate armour
rNeg   + . .     Conserve +     f - +2 buckler {AC+3}
rPois  +         rCorr    .     K - +1 hat {SInv}
rElec  +         rRot     +     B - +0 cloak
SustAb . .       Spirit   .     r - +1 pair of gloves
rMut   .         Warding  .     V - +0 pair of boots
Saprov . . .     Stasis   .     w - amulet of conservation
MR     +....                    F - +5 ring of evasion
                                g - ring of teleport control

@: confused, flying, drained, somewhat resistant to hostile enchantments,
extremely unstealthy
A: able to fly continuously, large and strong wings, deformed body, life
protection 1, electricity resistance, unbreathing, petrification resistance, AC
+11
a: Stop Flying, Burn Spellbooks, Berserk, Trog's Hand, Brothers in Arms,
Renounce Religion, Evoke Teleport Control


You were on level 1 of the Abyss.
You worshipped Trog.
Trog was extremely pleased with you.
You were not hungry.

You visited 3 branches of the dungeon, and saw 18 of its levels.
You visited the Abyss 1 time.
You also visited: Labyrinth, Sewer and Ossuary.

You collected 1100 gold pieces.

Inventory:

Hand weapons
 d - a +5,+6 morningstar of freezing (weapon)
 k - a +1,+2 whip of draining
 Y - a +1,+2 morningstar of protection
Missiles
 h - 5 silver javelins
 v - 6 steel tomahawks (quivered)
 y - 5 javelins of returning
 Z - 6 javelins of penetration
Armour
 f - a +2 buckler of protection (worn)
 r - a +1 pair of gloves (worn)
 B - a +0 cloak (worn)
 E - a +0 plate armour (worn)
 K - a +1 hat of see invisible (worn)
 V - a +0 pair of boots (worn)
Magical devices
 e - a wand of frost (6)
 s - a wand of fire (3)
 t - a wand of digging (12)
 z - a wand of cold (7)
 A - a wand of hasting (4)
 M - a wand of fireball (2)
 N - a wand of teleportation (4)
 Q - a wand of digging (7)
 S - a wand of heal wounds (0)
 W - a wand of slowing (11)
Comestibles
 c - 4 bread rations
 j - 4 meat rations
Scrolls
 a - 3 scrolls of blinking
 b - a scroll of remove curse
 m - a scroll of noise
 q - 2 scrolls of teleportation
 I - a scroll of fog
 J - a scroll of identify
Jewellery
 g - a ring of teleport control (left hand)
 i - a cursed ring of fire
 u - an uncursed ring of sustain abilities
 w - an amulet of conservation (around neck)
 F - a +5 ring of evasion (right hand)
 T - the ring of Clixzuiv {+/*Tele rElec rF+ Str+3 SInv}
   (You took it off a minotaur in a labyrinth)

   [ring of teleportation]

   It affects your strength (+3).
   It protects you from fire.
   It insulates you from electricity.
   It enhances your eyesight.
Potions
 l - 2 potions of might
 n - a potion of restore abilities
 o - a potion of lignification
 p - a potion of curing
Miscellaneous
 D - a sack of spiders
 L - a disc of storms
 O - a phial of floods
Rods
 U - a +0 rod of ignition (12/12)
   (You found it in a labyrinth)


   Skills:
 + Level 9.2(8.9) Fighting
 - Level 17.3(16.9) Maces & Flails
 - Level 10.0(9.7) Throwing
 - Level 15.0(14.6) Armour
 - Level 1.5(1.2) Dodging
 - Level 7.7(7.4) Shields
 - Level 3.1(2.8) Evocations


You had 14 spell levels left.
You didn't know any spells.

Dungeon Overview and Level Annotations

Branches:
Dungeon (15/15)            Temple (0/1) D:7             Orc (2/4) D:12
   Lair (0/8) D:8          Vaults (0/5) D:14         Depths (1/5) D:15

Altars:
Ashenzari
Dithmenos
Elyvilon
Fedhas
Makhleb
Nemelex Xobeh
Okawaru
Trog
Vehumet
Xom
Yredelemnul
Zin
Beogh

Shops:
D:7 *   Depths:1 (

Portals:
Trove: D:13 (give +3 ice dragon armour)

Annotations:
D:8 exclusion: oklob sapling
D:13 exclusion: door
Orc:2 Sonja


Innate Abilities, Weirdness & Mutations

You are resistant to torment.
You are immune to poison.
You are immune to rotting.
You can fly continuously.
Your stone body is very resilient (AC +11).
Your wings are large and strong.
You resist negative energy.
You are resistant to electric shocks.
You can survive without breathing.
You are immune to petrification.
Armour fits poorly on your strangely shaped body.


Message History

The Brimstone Fiend calls on the powers of darkness!
Your body is wracked with pain!
* * * LOW HITPOINT WARNING * * *
The lich mumbles some strange words.
The blizzard demon gestures at you. The bolt of cold misses you.
You closely miss the lich.
The lich is severely damaged.
The lich points at you and mumbles some strange words.
You are confused.
The Brimstone Fiend completely misses you.
The Brimstone Fiend closely misses you. The Brimstone Fiend barely misses you.
You hit the lich but do no damage.
The lich is heavily damaged.
The lich touches you.
* * * LOW HITPOINT WARNING * * *
The blizzard demon misses you.
The blizzard demon hits you but does no damage.
The blizzard demon gestures at you.
The bolt of cold hits the lich.
The lich resists.
The bolt of cold hits you!
You die...

# # # # ' # #. #
# ..#..#
##'######### # #
..# .
#............#
#... ..
#....#.......## #
# .
#............'...
.' ..
#.........#..'...
..
#...2........##.
## . #..
#L@......##.# #
#....12###'####.#
# #...#..# .# #
#.# #..# #.#
#.... #......#
#.. ...# # .....'
... . ..# ......'
...## .# .....#
.## . # ### .#


You could see a Brimstone Fiend, a lich and 2 blizzard demons.

Vanquished Creatures
  A tentacled monstrosity (Abyss:1)
  An Executioner (Abyss:1)
  Gastronok (D:12)
  2 vault guards (D:14)
  A minotaur (Lab)
  A fire dragon (D:14)
  A hydra (D:13)
  An ogre mage (D:15)
  2 tengu warriors
  4 centaur warriors
  Urug (Orc:2)
  A sun demon (D:11)
  7 skeletal warriors
  2 catoblepae
  3 large abominations (Abyss:1)
  An unseen horror (D:15)
  Pikel (D:7)
  A wolf spider zombie (D:15)
  A shadow dragon zombie (Abyss:1)
  8 cyclopes
  4 hill giants
  2 flayed ghosts
  An orc knight (Orc:1)
  3 necromancers
  2 griffons (D:15)
  A manticore (D:15)
  An apocalypse crab (Abyss:1)
  A smoke demon (Abyss:1)
  An efreet (D:13)
  5 gargoyles
  5 kobold demonologists
  2 feature mimics (D:15)
  An emperor scorpion skeleton (D:15)
  An iron troll zombie (D:15)
  The ghost of Stendarr the Cloud Mage, an experienced HEAE (Sewer)
  4 trolls
  2 komodo dragons
  3 wandering mushrooms (D:8)
  A hydra zombie (D:15)
  A queen bee (shapeshifter) (D:14)
  A two-headed ogre (D:13)
  A catoblepas zombie (D:11)
  5 slime creatures (D:12)
  A hydra skeleton (D:15)
  A boulder beetle (D:9)
  A raiju (shapeshifter) (D:15)
  A trapdoor spider (D:15)
  4 blink frogs (Abyss:1)
  2 shadows
  2 wyverns
  18 yaks
  A ynoxinul (Abyss:1)
  20 ugly things
  A water elemental (D:13)
  4 sharks
  A chaos spawn (D:11)
  3 deep elf magi
  6 hippogriffs
  A warg (Orc:1)
  A deep elf fighter (D:15)
  2 neqoxecs
  19 humans (D:14)
  A hungry ghost (D:12)
  2 hill giant skeletons (D:11)
  A tengu zombie (D:14)
  A soldier ant (D:11)
  The ghost of Dirian the Ruffian, an average VSMo (D:4)
  3 necrophages
  6 phantoms
  2 yellow wasps (D:13)
  4 ice beasts
  4 sky beasts
  3 starcursed masses (Abyss:1)
  14 orc warriors
  2 slaves (D:7)
  5 ogres
  21 centaurs
  A boring beetle (D:14)
  A crocodile (D:13)
  A brain worm (Abyss:1)
  2 elf zombies (Ossuary)
  6 big kobolds
  12 giant frogs
  A yaktaur skeleton (D:15)
  2 scorpions
  A cyclops skeleton (D:10)
  An eye of draining (D:15)
  A troll zombie (D:10)
  A troll skeleton (D:13)
  4 electric eels
  A shapeshifter skeleton (D:15)
  11 wights
  3 centaur zombies
  5 goliath beetles
  2 iron imps
  4 crimson imps
  3 hounds
  4 jellies
  A quasit (D:11)
  Crazy Yiuf (D:7)
  A cyclops simulacrum (D:15)
  4 human zombies
  A big fish (D:13)
  20 orc priests
  17 orc wizards
  An iguana (D:14)
  10 worker ants
  A killer bee zombie (D:10)
  Ijyb (D:3)
  A big kobold zombie (D:8)
  4 sheep (D:13)
  An ogre skeleton (D:6)
  Terence (D:2)
  A hound skeleton (D:6)
  3 mummies
  A worker ant zombie (D:8)
  13 adders
  7 gnolls
  3 green rats (D:4)
  6 shadow imps
  A giant mite (D:4)
  3 white imps
  3 ufetubi
  7 worms
  4 adder zombies
  5 giant geckos
  72 orcs
  21 ball pythons
  2 bat skeletons
  18 goblins
  14 hobgoblins
  2 quokkas
  11 bats
  3 giant cockroaches
  A giant gecko skeleton (D:8)
  A giant gecko zombie (D:6)
  2 giant newts
  A giant spore (D:11)
  A goblin zombie (Ossuary)
  8 hobgoblin zombies (Ossuary)
  4 jackals (D:5)
  2 jackal zombies
  32 kobolds
  10 kobold zombies (Ossuary)
  An orc skeleton (D:5)
  9 orc zombies
  7 rats
  A spectral orc (D:6)
  13 ballistomycetes
  A butterfly (D:2)
675 creatures vanquished.

Vanquished Creatures (collateral kills)
  2 ugly things (D:13)
2 creatures vanquished.

Vanquished Creatures (others)
  A necromancer (D:14)
  An ugly thing (D:15)
  An ogre (D:13)
  2 ball pythons (Sewer)
  A giant spore (D:6)
  A ballistomycete (D:6)
7 creatures vanquished.

Grand Total: 684 creatures vanquished

Notes
Turn   | Place    | Note
--------------------------------------------------------------
     0 | D:1      | Dirian, the Gargoyle Berserker, began the quest for the Orb.
     0 | D:1      | Reached XP level 1. HP: 14/14 MP: 1/1
   180 | D:1      | Reached XP level 2. HP: 19/19 MP: 2/2
   193 | D:1      | Reached skill level 4 in Maces & Flails
   686 | D:2      | Noticed Terence
   695 | D:2      | Killed Terence
   695 | D:2      | Reached XP level 3. HP: 23/23 MP: 3/3
   778 | D:2      | Reached skill level 5 in Maces & Flails
   787 | D:2      | Reached XP level 4. HP: 12/28 MP: 4/4
   818 | D:2      | Acquired Trog's second power
   862 | D:2      | Found a shimmering altar of Xom.
  1642 | D:3      | Found a sparkling altar of Nemelex Xobeh.
  1822 | D:3      | Reached skill level 6 in Maces & Flails
  1822 | D:3      | Reached XP level 5. HP: 26/32 MP: 5/5
  2027 | D:3      | Noticed Ijyb
  2036 | D:3      | Killed Ijyb
  2180 | D:4      | Found a glowing silver altar of Zin.
  2181 | D:4      | Noticed Dirian's ghost (average VSMo)
  2278 | D:4      | Reached skill level 7 in Maces & Flails
  2278 | D:4      | Reached XP level 6. HP: 28/37 MP: 6/6
  2282 | D:4      | Found a glowing drain.
  2357 | Sewer    | Entered a sewer
  2367 | Sewer    | Noticed Stendarr's ghost (experienced HEAE)
  2400 | Sewer    | Killed Stendarr's ghost
  2400 | Sewer    | Reached skill level 8 in Maces & Flails
  2400 | Sewer    | Reached XP level 7. HP: 24/41 MP: 7/7
  2831 | D:4      | Killed Dirian's ghost
  2831 | D:4      | Reached skill level 9 in Maces & Flails
  2895 | D:4      | Found a radiant altar of Vehumet.
  3176 | D:5      | Entered Level 5 of the Dungeon
  3273 | D:5      | Reached skill level 10 in Maces & Flails
  3300 | D:5      | Reached XP level 8. HP: 46/46 MP: 8/8
  3348 | D:5      | Found a shattered altar of Ashenzari.
  3993 | D:5      | Acquired Trog's third power
  4247 | D:6      | Reached skill level 11 in Maces & Flails
  4608 | D:6      | Found a basalt altar of Yredelemnul.
  4922 | D:6      | Reached skill level 12 in Maces & Flails
  5166 | D:6      | Found a burning altar of Makhleb.
  5254 | D:7      | Found a sand-covered staircase.
  5267 | D:7      | Reached XP level 9. HP: 48/51 MP: 9/9
  5271 | Ossuary  | Entered an ossuary
  5565 | D:7      | Found a staircase to the Ecumenical Temple.
  5575 | D:7      | Noticed Pikel
  5617 | D:7      | Killed Pikel
  5617 | D:7      | Reached skill level 13 in Maces & Flails
  5795 | D:7      | Found Dyham's General Store.
  5933 | D:7      | Reached skill level 14 in Maces & Flails
  5946 | D:7      | Noticed Crazy Yiuf
  5955 | D:7      | Killed Crazy Yiuf
  5955 | D:7      | Reached skill level 1 in Throwing
  6261 | D:8      | Found a staircase to the Lair.
  6270 | D:8      | Reached XP level 10. HP: 45/56 MP: 10/10
  6296 | D:8      | Found a shadowy altar of Dithmenos.
  6778 | D:8      | Reached skill level 15 in Maces & Flails
  7110 | D:8      | Noticed a wandering mushroom
  7120 | D:8      | Killed a wandering mushroom
  7126 | D:8      | Noticed a wandering mushroom
  7127 | D:8      | Found a blossoming altar of Fedhas.
  7127 | D:8      | Noticed a wandering mushroom
  7128 | D:8      | Noticed a wandering mushroom
  7133 | D:8      | Killed a wandering mushroom
  7186 | D:8      | Killed a wandering mushroom
  7311 | D:9      | HP: 2/56 [orc warrior/glaive (11)]
  7570 | D:9      | Found a white marble altar of Elyvilon.
  7584 | D:9      | Reached skill level 16 in Maces & Flails
  7628 | D:9      | You fall through a shaft for 2 floors!
  7911 | D:11     | Noticed a sun demon
  7919 | D:11     | Killed a sun demon
  7975 | D:11     | Reached skill level 5 in Throwing
  7975 | D:11     | Reached XP level 11. HP: 60/60 MP: 11/11
  8329 | D:10     | Entered Level 10 of the Dungeon
  9103 | D:10     | Received a gift from Trog
  9137 | D:10     | Found a bloodstained altar of Trog.
  9242 | D:10     | Reached skill level 10 in Throwing
  9673 | D:9      | Found a burning altar of Makhleb.
  9848 | D:9      | Found an iron altar of Okawaru.
 10089 | D:12     | Found a labyrinth entrance.
 10094 | D:12     | Found a staircase to the Orcish Mines.
 10099 | Lab      | Entered a labyrinth
 10221 | Lab      | Noticed a minotaur
 10238 | Lab      | Killed a minotaur
 10238 | Lab      | Received a gift from Trog
 10238 | Lab      | Reached XP level 12. HP: 32/64 MP: 12/12
 10241 | Lab      | Got a pitted turquoise ring
 10397 | D:12     | Found a roughly hewn altar of Beogh.
 10534 | D:13     | Identified the ring of Clixzuiv {+/*Tele rElec rF+ Str+3 SInv} (You took it off a minotaur in a labyrinth)
 10556 | D:12     | Reached skill level 5 in Armour
 10683 | D:12     | Received a gift from Trog
 10850 | D:12     | Reached skill level 1 in Evocations
 10892 | D:12     | Noticed a hill giant
 10900 | D:12     | Killed a hill giant
 10900 | D:12     | Reached skill level 17 in Maces & Flails
 10968 | D:12     | Noticed Gastronok
 10982 | D:12     | Killed Gastronok
 11543 | D:13     | Noticed a six-headed hydra
 11651 | D:13     | Reached XP level 13. HP: 65/68 MP: 16/16
 11714 | D:13     | Received a gift from Trog
 11714 | D:13     | Reached skill level 10 in Armour
 11795 | D:13     | Got a glittering bronze ring
 11796 | D:13     | Identified the ring of the Imp {Wiz rElec SInv Stlth++} (You found it on level 13 of the Dungeon)
 11821 | D:13     | Killed a six-headed hydra
 11983 | D:13     | Got a sparkling bone ring
 11984 | D:13     | Identified the ring of Meplovu {rElec rN+ Stlth++} (You found it on level 13 of the Dungeon)
 12132 | D:13     | Found a portal to a secret trove of treasure.
 12740 | D:14     | Received a gift from Trog
 13543 | D:14     | Noticed a vault guard
 13548 | D:14     | Noticed a vault guard
 13583 | D:14     | Killed a vault guard
 13591 | D:14     | Killed a vault guard
 13591 | D:14     | Gained mutation: Your wings are large and strong. [gargoyle growth]
 13591 | D:14     | Reached XP level 14. HP: 48/74 MP: 17/17
 13638 | D:14     | Found a gate to the Vaults.
 14052 | D:15     | Entered Level 15 of the Dungeon
 14115 | D:15     | Reached skill level 15 in Armour
 14426 | D:15     | Received a gift from Trog
 14453 | D:15     | Found a staircase to the Depths.
 14590 | D:15     | Reached skill level 5 in Shields
 15555 | D:15     | Received a gift from Trog
 15995 | Depths:1 | Entered Level 1 of the Depths
 15995 | Depths:1 | Found Ogawn's Weapon Boutique.
 15995 | Depths:1 | Noticed a fire giant
 16144 | Orc:1    | Entered Level 1 of the Orcish Mines
 16221 | D:12     | Received a gift from Trog
 16547 | Orc:1    | Reached skill level 5 in Fighting
 16595 | Orc:1    | Received a gift from Trog
 16843 | Orc:1    | Found a bloodstained altar of Trog.
 16936 | Orc:2    | Noticed Urug
 16946 | Orc:2    | Killed Urug
 16948 | Orc:2    | Received a gift from Trog
 17138 | Orc:2    | Noticed Sonja
 17147 | Orc:2    | Cast into the Abyss (Sonja)
 17325 | Abyss:1  | Noticed a tentacled monstrosity
 17336 | Abyss:1  | Killed a tentacled monstrosity
 17424 | Abyss:1  | Noticed a tentacled starspawn
 17472 | Abyss:1  | Reached XP level 15. HP: 76/88 MP: 20/20
 17520 | Abyss:1  | Noticed an Executioner
 17542 | Abyss:1  | Killed an Executioner
 17591 | Abyss:1  | Gained mutation: Armour fits poorly on your strangely shaped body. [a neqoxec]
 17668 | Abyss:1  | Noticed a lich
 17678 | Abyss:1  | Noticed a Brimstone Fiend
 17685 | Abyss:1  | Killed from afar by a blizzard demon

Action                   |  1- 3 |  4- 6 |  7- 9 | 10-12 | 13-15 || total
-------------------------+-------+-------+-------+-------+-------++-------
Melee: Mace              |    27 |       |       |       |       ||    27
       Whip              |    41 |   150 |   514 |    15 |       ||   720
       Morningstar       |       |       |   192 |   780 |  1074 ||  2046
Throw: Tomahawk          |       |       |     5 |    38 |    27 ||    70
       Stone             |       |       |     1 |       |       ||     1
       Javelin           |       |       |       |    17 |    22 ||    39
Invok: Trog's Hand       |       |     2 |     6 |    19 |    16 ||    43
       Berserk           |       |     1 |       |     3 |     3 ||     7
       Burn Spellbooks   |       |       |     1 |     2 |     3 ||     6
       Brothers in Arms  |       |       |       |     1 |       ||     1
 Abil: Fly               |       |       |       |       |     1 ||     1
Evoke: Wand              |       |     1 |       |     4 |    16 ||    21
  Use: Potion            |     1 |     4 |     3 |    11 |     2 ||    21
       Scroll            |       |       |     9 |     9 |    16 ||    34
